 Dungeon Crawl Stone Soup version 0.30-a0-1035-g38d5fb2972 (webtiles) character file.

Game seed: 8439690663273427482

229485 Lobster4 the Grappler (level 18, -3/176 HPs)
             Began as a Troll Fighter on Apr 8, 2023.
             Was the Champion of Vehumet.
             Killed from afar by an ice dragon (31 damage)
             ... with a blast of cold
             ... on level 1 of the Vaults.
             The game lasted 02:28:57 (36514 turns).

Lobster4 the Grappler (Troll Fighter)              Turns: 36514, Time: 02:28:57

Health: -3/176     AC: 34    Str: 29    XL:     18   Next: 30%
Magic:  26/26      EV:  8    Int: 16    God:    Vehumet [******]
Gold:   2260       SH:  0    Dex:  9    Spells: 13/30 levels left

rFire   + . .      SeeInvis .      - Unarmed
rCold   x . .      Faith    .    m - +1 kite shield
rNeg    . . .      Spirit   .    H - +17 storm dragon scales of Yredelemnul's Envy {Rampage rElec Will+}
rPois   .          Reflect  .    P - +2 hat {Will+}
rElec   +          Rampage  +    T - +2 cloak {rCorr}
rCorr   +                        (gloves unavailable)
Will    +++..                    (boots unavailable) Stlth
                                 d - amulet of regeneration
HPRegen 2.09/turn                M - ring of Departure {rCorr Int+6 Stlth-}
MPRegen 0.20/turn                Z - ring of fire

@: confused, ambrosia-drunk, corroded, hasted, very quick
A: large, unfitting armour, claws 3, regeneration 1, shaggy fur 1, tough skin 1,
subdued magic 1
}: 2/15 runes: decaying, serpentine
a: Renounce Religion


You were on level 1 of the Vaults.
You worshipped Vehumet.
Vehumet was exalted by your worship.
You visited 6 branches of the dungeon, and saw 31 of its levels.
You also visited: Sewer, Bailey and Ice Cave.

You collected 3198 gold pieces.
You spent 938 gold pieces at shops.

Inventory:

Hand Weapons
 b - a +4 sling of freezing
 g - a +2 whip of electrocution
 A - the +10 flail of Dawn {vamp, Will+++ Str-2 Int+5}
   (You bought it in a shop on level 1 of the Snake Pit)

   Str:       It affects your strength (-2).
   Int:       It affects your intelligence (+5).
   Will:      It greatly increases your willpower.
Missiles
 p - 10 boomerangs (quivered)
 s - 23 large rocks
 w - 20 poisoned darts
 K - a throwing net
Armour
 k - +0 swamp dragon scales
 m - a +1 kite shield (worn)
 H - the +17 storm dragon scales of Yredelemnul's Envy (worn) {Rampage rElec Will+}
   (You acquired it on level 1 of the Swamp)

   rElec:     It insulates you from electricity.
   Rampage:   It bestows one free step when moving towards enemies.
   Will:      It increases your willpower.
 I - the +9 ice dragon scales of the Kraken {rF- rC++ Str+3}
   (You found it in a bailey)

   Str:       It affects your strength (+3).
   rF:        It makes you vulnerable to fire.
   rC:        It greatly protects you from cold.
 P - a +2 hat of willpower (worn)
 T - a +2 cloak of preservation (worn)
Jewellery
 d - an amulet of regeneration (around neck)
 f - a ring of see invisible
 i - a +4 ring of protection
 v - a ring of positive energy
 C - a ring of protection from cold
 M - the ring of Departure (left claw) {rCorr Int+6 Stlth-}
   (You took it off an orc on level 9 of the Dungeon)

   [ring of resist corrosion]

   Int:       It affects your intelligence (+6).
   rCorr:     It protects you from acid and corrosion.
   Stlth:     It makes you less stealthy.
 O - a ring of ice
 V - a ring of willpower
 X - a +5 ring of evasion
 Z - a ring of fire (right claw)
Wands
 j - a wand of flame (28)
 l - a wand of quicksilver (4)
 B - a wand of digging (5)
 Q - a wand of paralysis (10)
 R - a wand of mindburst (38)
 S - a wand of roots (9)
Scrolls
 a - 2 scrolls of teleportation
 t - 2 scrolls of enchant weapon
 x - 3 scrolls of amnesia
 y - 5 scrolls of fog
 E - 13 scrolls of identify
 L - 5 scrolls of immolation
 W - 3 scrolls of magic mapping
 Y - 2 scrolls of fear
Potions
 c - 5 potions of haste
 e - a potion of ambrosia
 n - 4 potions of curing
 q - 3 potions of cancellation
 r - 6 potions of brilliance
 z - 5 potions of mutation
 D - a potion of lignification
 F - 3 potions of flight
 J - 4 potions of magic
 N - a potion of resistance
Miscellaneous
 h - a phantom mirror (inert)
 u - a phial of floods
 G - a lightning rod (4/4)
 U - a condenser vane (inert)


   Skills:
 + Level 10.4 Fighting
 + Level 7.3 Maces & Flails
 - Level 5.0 Ranged Weapons
 - Level 6.0 Throwing
 + Level 9.8 Armour
 - Level 9.0 Dodging
 + Level 11.4 Shields
 + Level 12.3 Unarmed Combat
 + Level 6.6 Spellcasting
 + Level 8.3 Conjurations
 - Level 3.0 Necromancy
 - Level 3.0 Translocations
 + Level 9.8 Earth Magic
 - Level 4.0 Evocations


You had 13 spell levels left.
You knew the following spells:

 Your Spells              Type           Power      Damage    Failure   Level
a - Magic Dart            Conj           96%        1d7       1%          1
b - Lee's Rapid Deconstr  Erth           14%        3d9*      11%         5
c - Iskenderun's Mystic   Conj/Tloc      18%        2d6       21%         4
d - Iron Shot             Conj/Erth      13%        9d3       58%         6
e - Kiss of Death         Conj/Necr      72%        2d10      2%          1

Your spell library contained the following spells:

 Spells                   Type           Power      Damage    Failure   Level
 Lehudib's Crystal Spear  Conj/Erth      13%        10d4      100%        8
 Maxwell's Capacitive Co  Air            2%         ∞         100%        8
 Polar Vortex             Ice            2%         N/A       100%        9
 Dazzling Flash           Conj/Hex       28%        N/A       12%         3
 Hailstorm                Conj/Ice       14%        3d5       12%         3
 Freeze                   Ice            16%        1d4       21%         1
 Volatile Blastmotes      Fire/Tloc      22%        2d11      32%         3
 Sticky Flame             Conj/Fire      21%        2d4       36%         4
 Frozen Ramparts          Ice            8%         1d2       52%         3
 Ignite Poison            Fire/Tmut/Pois 6%         N/A       52%         3
 Teleport Other           Tloc           11%        N/A       58%         3
 Leda's Liquefaction      Hex/Erth       8%         N/A       73%         4
 Portal Projectile        Hex/Tloc       14%        N/A       80%         3
 Dispel Undead            Necr           11%        3d9       94%         4
 Passage of Golubria      Tloc           11%        N/A       94%         4
 Call Canine Familiar     Summ           4%         N/A       95%         3
 Confusing Touch          Hex            4%         N/A       95%         3
 Ozocubu's Armour         Ice            4%         N/A       95%         3
 Spider Form              Tmut/Pois      4%         N/A       95%         3
 Tukima's Dance           Hex            4%         N/A       95%         3
 Yara's Violent Unravell  Hex/Tmut       2%         3d3       99%         5
 Starburst                Conj/Fire      10%        6d5       99%         6
 Dispersal                Tloc           5%         N/A       100%        6
 Ozocubu's Refrigeration  Ice            2%         4d7       100%        7
 Ignition                 Fire           3%         3d4       100%        8
 Chain Lightning          Conj/Air       7%         3d9       100%        9
 Fire Storm               Conj/Fire      10%        8d3       100%        9
 Shatter                  Erth           14%        3d14*     100%        9


Dungeon Overview and Level Annotations

Branches:
Dungeon (15/15)            Temple (0/1) D:7            Lair (5/5) D:8
  Swamp (4/4) Lair:2        Snake (4/4) Lair:3        Slime (0/5) Lair:4
    Orc (2/2) D:12            Elf (0/3) Orc:2        Vaults (1/5) D:13
 Depths (0/4) D:15          Sewer (visited)          Bailey (visited)
  IceCv (visited)

Altars:
Ashenzari
Cheibriados
Elyvilon
Fedhas
Kikubaaqudgha
Ru
Sif Muna
Trog
Vehumet
Wu Jian
Xom
Yredelemnul
Zin
Jiyva

Shops:
D:6 ((   Orc:2 ?[*[   Snake:1 *(

Annotations:
D:10 exclusion: angel
Snake:2 Mlioglotl, Roxanne
Snake:4 Asterion


Innate Abilities, Weirdness & Mutations

You are too large for most types of armour.
You have claws for hands.
Your natural rate of healing is unusually fast.
You are covered in fur. (AC +1)
You have tough skin. (AC +1)
Your spells are a little easier to cast, but a little less powerful.


Message History

The brown very ugly thing trunk-slaps you.
* * * LOW HITPOINT WARNING * * *
You are splashed with acid.
You resist.
* * * LOW HITPOINT WARNING * * *
You are confused.
You feel invigorated.
Your brown very ugly thing trunk-slaps the deep elf annihilator!
The deep elf annihilator is splashed with acid!
The deep elf annihilator seems to be corroded for longer.
You bump into the metal wall.
The death drake changes into a sea snake!
The ice dragon bites you but does no damage.
The ice dragon closely misses you.
The ice dragon tramples you but does no damage.
The ironbound preserver hits you but does no damage.
The ironbound preserver barely misses you.
The deep elf annihilator barely misses your brown very ugly thing.
The brown very ugly thing trunk-slaps you.
* * * LOW HITPOINT WARNING * * *
You are splashed with acid.
You resist.
* * * LOW HITPOINT WARNING * * *
You miss the brown very ugly thing.
The brown very ugly thing is lightly wounded.
Your brown very ugly thing trunk-slaps the deep elf annihilator!
The deep elf annihilator is splashed with acid.
The ice dragon barely misses you. x2
The ice dragon tramples you but does no damage.
The ironbound preserver hits you but does no damage.
The ironbound preserver completely misses you.
The brown very ugly thing trunk-slaps you but does no damage.
You claw the ironbound preserver!
The ironbound preserver is heavily wounded.
You scratch the brown very ugly thing.
The brown very ugly thing is lightly wounded.
Your brown very ugly thing trunk-slaps the deep elf annihilator!
The deep elf annihilator is splashed with acid.
The deep elf annihilator seems to be corroded for longer.
The ice dragon breathes frost at you. The blast of cold hits you!!
You feel a terrible chill!
You die...

++# #..##
#....##
##S..u..#
#+#pD..e...
+.p@uc.....
###########


You could see 2 ironbound preservers, a brown very ugly thing (sheltered,
corroded), an ice dragon (sheltered, catching breath), a yaktaur captain
(sheltered), a deep elf annihilator (corroded, ally target), a sea snake shaped
shifter and a friendly brown very ugly thing (summoned, drained).

Vanquished Creatures
  Rupert (D:15)
  Jorgrun (D:14)
  3 thorn hunters
  Gastronok (D:8)
  2 nagarajas
  Aizul (Snake:2)
  A vault warden (Vaults:1)
  A ghoul (Swamp:2)
  Louise (Snake:4)
  An orc warlord (Orc:2)
  6 eleionomae
  2 ironbound thunderhulks (Vaults:1)
  2 vampire knights (Swamp:4)
  5 bunyips
  Josephine (Snake:1)
  2 shambling mangroves
  A rakshasa (D:15)
  Fannar (Lair:3)
  A great orb of eyes (D:15)
  2 ice dragons
  Harold (Orc:1)
  18 hydras
  9 anacondas
  A spriggan air mage (Swamp:4)
  5 catoblepae
  An ironbound frostheart (Vaults:1)
  4 salamander tyrants
  2 two-headed ogres
  8 alligators
  5 centaur warriors
  6 boulder beetles
  A vampire mage (Swamp:2)
  10 naga warriors
  8 death yaks (Lair:5)
  7 shock serpents
  5 orc high priests (Orc:2)
  8 naga sharpshooters
  Sonja (Orc:2)
  3 skeletal warriors
  An iron troll (D:13)
  10 salamander mystics
  4 goliath frogs
  7 swamp dragons
  3 spriggan druids
  6 bog bodies
  A naga ritualist (Snake:1)
  6 spectral hydras (Swamp:4)
  Pikel (D:8)
  A phantasmal warrior (D:13)
  2 deep elf pyromancers
  6 lindwurms
  3 orc knights
  A mana viper (shapeshifter) (D:13)
  18 mana vipers
  4 oklob plants
  A will-o-the-wisp (Swamp:3)
  21 salamanders
  12 ugly things
  5 cyclopes
  8 manticores
  8 elephants (Lair:5)
  Maurice (D:11)
  7 guardian serpents
  34 black mambas
  10 naga magi
  A torpor snail (Lair:4)
  3 ice statues (IceCv)
  11 cane toads
  Maggie (D:6)
  4 gargoyles
  An efreet (D:15)
  A kobold demonologist (D:14)
  3 rime drakes
  9 komodo dragons
  5 yaktaurs
  A komodo dragon (shapeshifter) (D:13)
  3 freezing wraiths
  An anaconda simulacrum (IceCv)
  2 hydra zombies (Swamp:4)
  7 trolls
  2 death drake zombies (Swamp:4)
  A troll (shapeshifter) (D:15)
  10 tyrant leeches
  2 polar bears (Lair:5)
  A death drake skeleton (Swamp:4)
  Grinder (D:3)
  A dream sheep (Lair:4)
  9 hornets
  12 blink frogs
  6 slime creatures
  A slime creature (shapeshifter) (D:13)
  Sigmund (D:4)
  6 spriggans
  3 shadows
  4 wyverns
  71 yaks
  4 basilisks
  2 vampires
  5 wraiths
  Eustachio (D:5)
  2 death yak simulacra (IceCv)
  Menkaure (D:5)
  12 vampire mosquitoes
  A harpy simulacrum (IceCv)
  2 wargs (Orc:1)
  An acid dragon (D:11)
  21 nagas
  19 swamp worms
  13 water moccasins
  Pargi (Sewer)
  6 swamp drakes
  39 orc warriors
  3 swamp dragon zombies (Swamp:4)
  A black bear (D:6)
  7 ice beasts
  6 wolves
  13 centaurs
  6 ogres
  2 phantoms
  4 lemures (D:8)
  A swamp dragon skeleton (Swamp:4)
  A kobold brigand (D:6)
  11 bullfrogs
  7 gnoll sergeants
  4 scorpions
  A cane toad simulacrum (IceCv)
  A necrophage (Swamp:2)
  11 wights
  11 killer bees
  An elephant simulacrum (IceCv)
  4 wolf zombies (Bailey)
  5 howler monkeys
  9 electric eels
  8 vampire bats (Bailey)
  7 jellies
  A hound (D:6)
  33 orc priests
  A gnoll bouda (D:8)
  7 iguanas
  21 orc wizards
  A polar bear simulacrum (IceCv)
  2 wolf simulacra (IceCv)
  26 gnolls
  7 adders
  A white imp (D:7)
  An ufetubus (D:4)
  2 worms
  3 dart slugs
  98 orcs
  5 bats
  9 endoplasms
  5 giant cockroaches
  9 goblins
  4 hobgoblins
  9 jackals
  13 kobolds
  2 quokkas
  3 ball pythons
  3 frilled lizards
  20 orc zombies (Bailey)
  7 rats
1051 creatures vanquished.

Vanquished Creatures (collateral kills)
  Bai Suzhen (Snake:3)
  Frances (Swamp:2)
  A hydra skeleton (Swamp:4)
  A two-headed ogre (Orc:1)
4 creatures vanquished.

Vanquished Creatures (others)
  An alligator (Swamp:3)
  4 bloated husks
  2 orc wizards (D:12)
  2 orcs (D:12)
  4 briar patches (Swamp:4)
  A bush (Lair:5)
  2 foxfires (Swamp:3)
  13 fungi
  73 plants
102 creatures vanquished.

Grand Total: 1157 creatures vanquished

Notes
Turn   | Place    | Note
-------+----------+-------------------------------------------
     0 | D:1      | Lobster4 the Troll Fighter began the quest for the Orb.
     0 | D:1      | Reached XP level 1. HP: 22/22 MP: 0/0
   189 | D:1      | Found a faded altar of an unknown god.
   318 | D:1      | Reached XP level 2. HP: 29/29 MP: 1/1
   750 | D:2      | Found a basalt altar of Yredelemnul.
   869 | D:2      | Reached XP level 3. HP: 36/36 MP: 2/2
  1568 | D:3      | Found a blossoming altar of Fedhas.
  1570 | D:3      | Found a snail-covered altar of Cheibriados.
  1570 | D:3      | Found a shimmering blue altar of Sif Muna.
  1573 | D:3      | Found a broken altar of Ashenzari.
  1573 | D:3      | Found a radiant altar of Vehumet.
  1582 | D:3      | Became a worshipper of Vehumet
  1622 | D:3      | Reached skill level 1 in Armour
  1622 | D:3      | Reached XP level 4. HP: 44/44 MP: 3/3
  1877 | D:3      | Found a basalt altar of Yredelemnul.
  1998 | D:3      | Noticed Grinder
  2272 | D:4      | Reached XP level 5. HP: 51/52 MP: 3/5
  2286 | D:4      | Reached skill level 1 in Maces & Flails
  2597 | D:4      | Got the Lectures on Mutable Points
  2718 | D:4      | Reached * piety under Vehumet
  2718 | D:4      | Offered knowledge of Magic Dart by Vehumet.
  2721 | D:4      | Learned a level 1 spell: Magic Dart
  2732 | D:4      | Noticed Sigmund
  2749 | D:4      | Killed Sigmund
  2750 | D:4      | Reached skill level 1 in Ranged Weapons
  2750 | D:4      | Reached skill level 3 in Unarmed Combat
  2750 | D:4      | Reached skill level 1 in Spellcasting
  2750 | D:4      | Reached skill level 1 in Earth Magic
  2750 | D:4      | Reached XP level 6. HP: 49/61 MP: 6/6
  2880 | D:5      | Entered Level 5 of the Dungeon
  3037 | D:5      | Found a sacrificial altar of Ru.
  3099 | D:5      | Found a transporter.
  3228 | D:5      | Reached XP level 7. HP: 67/67 MP: 7/7
  3328 | D:5      | Found a transporter.
  3390 | D:5      | Noticed Eustachio
  3610 | D:5      | Killed Eustachio
  3611 | D:5      | Reached skill level 1 in Conjurations
  3808 | D:6      | Found Diziex's Weapon Boutique.
  3901 | D:6      | Noticed Menkaure
  3908 | D:5      | Killed Menkaure
  3924 | D:6      | Reached XP level 8. HP: 57/76 MP: 8/8
  3962 | D:6      | Noticed Maggie
  4051 | D:6      | Found a glowing drain.
  4057 | Sewer    | Entered a sewer
  4103 | Sewer    | Noticed Pargi
  4112 | Sewer    | Killed Pargi
  4228 | D:6      | Reached ** piety under Vehumet
  4280 | D:6      | Found Olest's Antique Weapon Boutique.
  4383 | D:6      | Reached skill level 4 in Unarmed Combat
  4394 | D:6      | Offered knowledge of Shock by Vehumet.
  4449 | D:6      | Reached skill level 1 in Throwing
  4525 | D:5      | Reached skill level 1 in Evocations
  4823 | D:7      | Reached XP level 9. HP: 83/84 MP: 9/9
  4845 | D:7      | Found a staircase to the Ecumenical Temple.
  4861 | D:7      | Noticed a manticore
  4878 | D:7      | Killed a manticore
  5047 | D:7      | Offered knowledge of Scorch by Vehumet.
  5516 | D:8      | Noticed Pikel
  5593 | D:8      | Found an ancient bone altar of Kikubaaqudgha.
  5622 | D:8      | Reached *** piety under Vehumet
  5681 | D:8      | Reached skill level 5 in Unarmed Combat
  5687 | D:8      | Reached skill level 5 in Shields
  5704 | D:8      | Noticed a boulder beetle
  5728 | D:8      | Killed a boulder beetle
  5729 | D:8      | Reached XP level 10. HP: 37/94 MP: 10/10
  5782 | D:8      | Offered knowledge of Inner Flame by Vehumet.
  5783 | D:8      | Reached skill level 5 in Dodging
  6021 | D:8      | Reached skill level 5 in Fighting
  6055 | D:8      | Noticed Gastronok
  6498 | D:8      | Found a staircase to the Lair.
  6729 | D:8      | Killed Pikel
  6730 | D:8      | Reached skill level 6 in Unarmed Combat
  6831 | D:8      | Learned a level 1 spell: Kiss of Death
  7005 | D:9      | Noticed a cyclops
  7021 | D:9      | Killed a cyclops
  7022 | D:9      | Reached skill level 1 in Necromancy
  7292 | D:9      | Found a bloodstained altar of Trog.
  7308 | D:9      | Found a white marble altar of Elyvilon.
  7331 | D:9      | Found a flagged portal.
  7342 | Bailey   | Entered a bailey
  7506 | Bailey   | Reached **** piety under Vehumet
  7590 | Bailey   | Offered knowledge of Flame Wave by Vehumet.
  7602 | Bailey   | Learned a level 4 spell: Iskenderun's Mystic Blast
  7736 | Bailey   | Identified the +9 ice dragon scales of the Kraken {rF- rC++
                  | Str+3}
  7765 | Bailey   | Noticed a gargoyle
  7771 | Bailey   | Killed a gargoyle
  7941 | D:9      | Noticed a cyclops
  7960 | D:9      | Killed a cyclops
  7961 | D:9      | Reached skill level 1 in Translocations
  7961 | D:9      | Reached XP level 11. HP: 88/105 MP: 11/11
  7980 | D:9      | Identified the ring of Departure {rCorr Int+6 Stlth-}
  8400 | D:3      | Paralysed by Grinder for 5 turns
  8416 | D:3      | Killed Grinder
  8690 | D:8      | Killed Gastronok
  8691 | D:8      | Reached skill level 7 in Unarmed Combat
  8791 | D:10     | Entered Level 10 of the Dungeon
  8919 | D:10     | Noticed an angel
  8930 | D:10     | Found a shimmering altar of Xom.
  8939 | D:10     | Found a glowing silver altar of Zin.
  9042 | D:10     | Reached ***** piety under Vehumet
  9052 | D:10     | Offered knowledge of Iron Shot by Vehumet.
  9181 | D:10     | Found an ornate altar of the Wu Jian Council.
  9609 | D:11     | Noticed Maurice
  9659 | D:11     | Killed Maurice
  9855 | D:11     | Paralysed by a hornet for 1 turns
  9974 | D:11     | Reached skill level 5 in Armour
  9981 | D:11     | Learned a level 6 spell: Iron Shot
 10304 | D:11     | Reached XP level 12. HP: 115/115 MP: 13/13
 10688 | D:12     | Found a staircase to the Orcish Mines.
 11034 | D:12     | Noticed a two-headed ogre
 11037 | D:12     | Killed a two-headed ogre
 11400 | Orc:1    | Entered Level 1 of the Orcish Mines
 11706 | Orc:1    | Noticed Harold
 11708 | Orc:1    | Noticed a two-headed ogre
 11730 | Orc:1    | Killed a two-headed ogre
 11742 | Orc:1    | Killed Harold
 11743 | Orc:1    | Reached skill level 8 in Unarmed Combat
 11927 | Orc:2    | Entered Level 2 of the Orcish Mines
 11930 | Orc:2    | Offered knowledge of Eringya's Noxious Bog by Vehumet.
 12015 | Orc:2    | Found a staircase to the Elven Halls.
 12054 | Orc:2    | Noticed an orc warlord
 12213 | Orc:2    | Killed an orc warlord
 12685 | Orc:2    | Noticed Sonja
 12719 | Orc:2    | Killed Sonja
 13130 | Orc:2    | Reached XP level 13. HP: 114/124 MP: 16/16
 13210 | Orc:2    | Offered knowledge of Ozocubu's Refrigeration by Vehumet.
 14046 | Orc:2    | Gained mutation: Your spells are a little easier to cast,
                  | but a little less powerful. [a neqoxec]
 14048 | Orc:2    | Reached skill level 5 in Earth Magic
 14117 | Orc:2    | Found Feucvel's General Store.
 14117 | Orc:2    | Found Iciluf's Armour Shop.
 14118 | Orc:2    | Found Obuech's Magic Scroll Shop.
 14118 | Orc:2    | Found Jept's Armour Boutique.
 14150 | Orc:2    | Bought a scroll of identify for 30 gold pieces
 14152 | Orc:2    | Bought a scroll of immolation for 44 gold pieces
 14152 | Orc:2    | Bought a scroll of identify for 22 gold pieces
 14153 | Orc:2    | Bought a scroll of blinking for 82 gold pieces
 14153 | Orc:2    | Bought a scroll of teleportation for 33 gold pieces
 14154 | Orc:2    | Bought a potion of curing for 45 gold pieces
 14154 | Orc:2    | Bought a potion of resistance for 150 gold pieces
 14154 | Orc:2    | Bought a scroll of blinking for 112 gold pieces
 14379 | Lair:1   | Entered Level 1 of the Lair of Beasts
 15654 | Lair:2   | Offered knowledge of Iskenderun's Battlesphere by Vehumet.
 16150 | Lair:2   | Found a staircase to the Swamp.
 16408 | Lair:3   | Noticed Fannar
 16645 | Lair:3   | Found a staircase to the Snake Pit.
 17532 | Lair:4   | Found a viscous altar of Jiyva.
 17533 | Lair:4   | Found a staircase to the Slime Pits.
 17603 | Lair:4   | Reached skill level 5 in Conjurations
 17680 | Lair:4   | Reached XP level 14. HP: 133/135 MP: 18/18
 17943 | Lair:4   | Found the +13 scythe of Curses {drain, curses, Drain}
 17964 | Lair:4   | Reached skill level 9 in Unarmed Combat
 18149 | Lair:4   | Reached skill level 5 in Maces & Flails
 18580 | Lair:4   | Found the +3 pair of seven-league boots {Rampage+∞}
 18765 | Lair:5   | Entered Level 5 of the Lair of Beasts
 19119 | Lair:5   | Reached skill level 5 in Ranged Weapons
 19348 | Lair:5   | Found a frozen archway.
 19352 | Lair:5   | Offered knowledge of Lee's Rapid Deconstruction by Vehumet.
 19401 | IceCv    | Entered an ice cave
 19429 | IceCv    | Learned a level 5 spell: Lee's Rapid Deconstruction
 20647 | Lair:5   | Reached XP level 15. HP: 122/145 MP: 20/20
 20782 | Lair:3   | Killed Fannar
 21570 | D:13     | Offered knowledge of Orb of Destruction by Vehumet.
 21593 | D:13     | Found a gate to the Vaults.
 22606 | D:14     | Reached skill level 10 in Unarmed Combat
 22784 | D:14     | Found a radiant altar of Vehumet.
 23052 | D:15     | Entered Level 15 of the Dungeon
 23052 | D:15     | Noticed Jorgrun
 23069 | D:14     | Killed Jorgrun
 23080 | D:15     | Noticed Rupert
 23307 | D:15     | Killed Rupert
 24262 | D:15     | Found a staircase to the Depths.
 24497 | Swamp:1  | Entered Level 1 of the Swamp
 24560 | Swamp:1  | Reached skill level 5 in Spellcasting
 24793 | Swamp:1  | Identified a scroll of acquirement
 24794 | Swamp:1  | Acquired the +17 storm dragon scales of Yredelemnul's Envy
                  | {Rampage rElec Will+}
 24821 | Swamp:1  | Offered knowledge of Conjure Ball Lightning by Vehumet.
 24890 | Swamp:1  | Reached ****** piety under Vehumet
 25557 | Swamp:2  | Reached skill level 10 in Shields
 25557 | Swamp:2  | Reached XP level 16. HP: 156/156 MP: 22/22
 25835 | Swamp:2  | Noticed a thorn hunter
 25852 | Swamp:2  | Killed a thorn hunter
 25865 | Swamp:2  | Noticed Frances
 26184 | Swamp:2  | Killed Frances
 26197 | Swamp:2  | Identified the +0 chain mail of Ennui {Dex+3}
 27012 | Swamp:3  | Offered knowledge of Lehudib's Crystal Spear by Vehumet.
 27012 | Swamp:3  | Offered knowledge of Polar Vortex by Vehumet.
 27012 | Swamp:3  | Offered knowledge of Maxwell's Capacitive Coupling by
                  | Vehumet.
 27166 | Swamp:4  | Entered Level 4 of the Swamp
 27600 | Swamp:4  | Reached skill level 5 in Throwing
 27604 | Swamp:4  | Reached skill level 11 in Unarmed Combat
 27617 | Swamp:4  | Paralysed by something for 2 turns
 27625 | Swamp:4  | Found a basalt altar of Yredelemnul.
 27855 | Swamp:4  | Found a blossoming altar of Fedhas.
 27855 | Swamp:4  | Noticed a thorn hunter
 27855 | Swamp:4  | Noticed a thorn hunter
 27865 | Swamp:4  | Got a decaying rune of Zot
 28041 | Swamp:4  | HP: 2/151 [something (24)]
 28279 | Swamp:4  | Killed a thorn hunter
 28395 | Swamp:4  | Paralysed by a hornet for 1 turns
 28490 | Swamp:4  | Killed a thorn hunter
 28859 | D:6      | Killed Maggie
 28992 | Snake:1  | Entered Level 1 of the Snake Pit
 29011 | Snake:1  | Reached XP level 17. HP: 153/165 MP: 24/24
 29516 | Snake:1  | Noticed Josephine
 29553 | Snake:1  | Killed Josephine
 29809 | Snake:1  | Found Watut's Antique Weapon Boutique.
 29811 | Snake:1  | Found Kuoff's General Store.
 29830 | Snake:1  | Bought a potion of heal wounds for 85 gold pieces
 29836 | Snake:1  | Bought an iridescent flail for 178 gold pieces
 29836 | Snake:1  | Identified the +10 flail of Dawn {vamp, Will+++ Str-2
                  | Int+5} (You bought it in a shop on level 1 of the Snake
                  | Pit)
 29836 | Snake:1  | Bought an ebony whip for 157 gold pieces
 29836 | Snake:1  | Identified the +8 whip "Worm's Wrath" {pain, Will+} (You
                  | bought it in a shop on level 1 of the Snake Pit)
 30361 | Snake:2  | Identified Roxanne's Octavo of the Mantle
 30361 | Snake:2  | Noticed Roxanne
 30730 | Snake:2  | Noticed Mlioglotl
 30749 | Snake:2  | Paralysed by an air elemental for 1 turns
 31204 | Snake:2  | Noticed Aizul
 31226 | Snake:2  | Killed Aizul
 31227 | Snake:2  | Reached skill level 10 in Fighting
 33027 | Snake:4  | Entered Level 4 of the Snake Pit
 33048 | Snake:4  | Noticed Bai Suzhen
 33117 | Snake:4  | Noticed Asterion
 33458 | Snake:3  | Killed Bai Suzhen
 33824 | Snake:4  | Noticed Louise
 33843 | Snake:4  | Killed Louise
 34305 | Snake:4  | Reached skill level 12 in Unarmed Combat
 34607 | Snake:4  | HP: 5/166 [naga warrior/+0 scimitar (23)]
 34722 | Snake:4  | Reached XP level 18. HP: 156/175 MP: 26/26
 35190 | Snake:4  | HP: 4/176 [shock serpent (12)]
 35190 | Snake:4  | HP: 1/176 [shock serpent (3)]
 35847 | Snake:4  | Got a serpentine rune of Zot
 36265 | Vaults:1 | Entered Level 1 of the Vaults
 36506 | Vaults:1 | HP: 8/176 [ironbound preserver/+0 great mace (14)]
 36514 | Vaults:1 | Killed from afar by an ice dragon

Illustrated notes

Levels and vault maps discovered:
D:1:      dpeg_arrival_simpleton_a, layout_basic,
          shapermc_ecumenical_altar_starsandcircs, st_stairs_14
D:2:      layout_rooms, basic_altar, hangedman_decor_growths
D:3:      layout_basic, lemuel_crystal_altar, grunt_temple_overflow_open,
          kennysheep_generic_room_3, uniq_grinder
D:4:      layout_loops_ring, minmay_puff, uniq_sigmund
D:5:      gammafunk_cloud_chamber, layout_basic, hangedman_ru_absence,
          glass_columns_b, uniq_eustachio
D:6:      minmay_spotlight, layout_rooms, gup_sewer_entry_bubbles, serial_shops,
          nicolae_lakefront_shop, nicolae_shop_bloodbath_and_beyond,
          uniq_maggie, uniq_menkaure
D:7:      layout_rooms, minmay_temple_entry_stoned_glass
D:8:      layout_loops_ring, mainiacjoe_overflow_24_doors, lair_entry_dummy,
          st_stairs_10, minmay_misc_feat_columns, nicolae_grassy_gnolls,
          uniq_gastronok, uniq_pikel
D:9:      layout_loops_ring, nicolae_overflow_squiral, enter_bailey_4,
          minmay_mirror_moons_of_madness
D:10:     layout_rooms, grunt_temple_overflow_order_and_chaos_1,
          nicolae_wu_jian_glorious_leap, minmay_misc_feat_doors
D:11:     layout_irregular_city, uniq_maurice
D:12:     layout_loops_ring, erik_orc_1, special_room [special_room_orc]
D:13:     layout_basic, david_vaults_4, minmay_misc_feat_enclosed
D:14:     layout_long_grid, nicolae_vehumet_altar_sigil
D:15:     gammafunk_enter_depths_forms, layout_loops_cross,
          minmay_misc_feat_chi, uniq_rupert, uniq_jorgrun
Lair:1:   layout_regular_city
Lair:2:   layout_regular_city, palyth_hydra_swamp_entry,
          grunt_forest_large_clearing_hut
Lair:3:   wander_river, layout_cave_pods, guppyfry_snake_entry_island,
          beast_lair_carwin_3, infiniplex_staircase_pool, serial_bayou_shore_a,
          uniq_fannar
Lair:4:   layout_cave_pods, nicolae_slime_entry_slimehenge,
          hellmonk_guarded_unrand_seven_league_boots
Lair:5:   evilmike_catoblepas_cave, layout_misc_corridors,
          portal_ice_cave_entry_animals_and_master, grunt_megastairs_4
Swamp:1:  layout_basic_swamp, hangedman_swamp_cone
Swamp:2:  layout_falls_marsh, hangedman_swamp_ruin_wall, swamp_pool3,
          nicolae_swamp_round_clearing, cheibrodos_swamp_pet_leeches,
          uniq_frances
Swamp:3:  layout_falls_marsh, nicolae_swamp_big_swirl
Swamp:4:  byrel_swamp_growth_death_and_undeath, layout_basic_swamp
Snake:1:  layout_cave_shapes, nicolae_snake_bzzzt, minmay_shoptagon,
          grunt_megastairs_1, uniq_josephine
Snake:2:  layout_grid_maze, uniq_mlioglotl, uniq_aizul, uniq_roxanne
Snake:3:  layout_layer_cave
Snake:4:  snake_pit_salamanders_mu, layout_cave_town, uniq_asterion,
          uniq_bai_suzhen, uniq_louise
Orc:1:    layout_caves, uniq_harold
Orc:2:    st_orc_pillars, layout_caves, mines1_david, uniq_sonja
Vaults:1: v_alt_pattern_3, hangedman_vaults_hat, v_alt_pattern_5,
          st_greater_box_3, nicolae_vaults_diagonal_hallway_6,
          dpeg_vaults_monster_box, nicolae_vaults_shelves_hall,
          nicolae_vaults_little_ls, v_misc_22, ontoclasm_vaults_decontamination,
          layout_vaults_omnibox

Skill      XL: |  1  2  3  4  5  6  7  8  9 10 11 12 13 14 15 16 17 18 |
---------------+-------------------------------------------------------+-----
Shields        | 3 4 5 6 7 8 9 10 11 | 11.4
Armour         | 1 2 3 4 5 6 7 8 9 |  9.8
Maces & Flails | 1 2 3 4 5 6 7 |  7.3
Fighting       | 3 4 5 6 7 8 9 10 | 10.4
Ranged Weapons | 1 2 3 4 5 |  5.0
Dodging        | 3 4 5 6 7 8 9 |  9.0
Unarmed Combat | 3 4 5 6 7 8 9 10 11 12 | 12.3
Spellcasting   | 1 2 3 4 5 6 |  6.6
Earth Magic    | 1 2 3 4 5 6 7 8 9 |  9.8
Conjurations   | 1 2 3 4 5 6 7 8 |  8.3
Throwing       | 1 3 4 5 6 |  6.0
Evocations     | 1 2 3 4 |  4.0
Necromancy     | 1 3 |  3.0
Translocations | 1 2 3 |  3.0

Action                     |  1- 3 |  4- 6 |  7- 9 | 10-12 | 13-15 | 16-18 || total
---------------------------+-------+-------+-------+-------+-------+-------++-------
  Melee: Unarmed           |    38 |    92 |   346 |  1101 |  1785 |  1730 ||  5092
         Mace              |       |       |    13 |       |    41 |       ||    54
         Whip              |       |       |       |       |    26 |    90 ||   116
         Flail             |       |       |       |       |       |    46 ||    46
   Fire: Sling             |    75 |    70 |    10 |    44 |    14 |    18 ||   231
  Throw: Dart              |       |     4 |    14 |    41 |    43 |     2 ||   104
         Boomerang         |       |       |     3 |    50 |    62 |    67 ||   182
         Large rock        |       |       |       |    20 |    51 |    26 ||    97
         Throwing net      |       |       |       |       |     2 |     1 ||     3
   Cast: Magic Dart        |       |       |       |    30 |    20 |       ||    50
         Kiss of Death     |       |       |       |     1 |       |       ||     1
         Lee's Rapid Decon |       |       |       |       |    11 |     9 ||    20
         Iskenderun's Myst |       |       |       |       |       |     4 ||     4
  Evoke: Wand              |       |       |     3 |    12 |    23 |    42 ||    80
         Lightning rod     |       |       |       |     2 |     6 |     8 ||    16
         Phantom mirror    |       |       |       |     1 |     1 |     4 ||     6
         Phial of floods   |       |       |       |       |     1 |     3 ||     4
         Condenser vane    |       |       |       |       |       |     4 ||     4
    Use: Scroll            |       |     7 |     7 |     4 |    10 |    18 ||    46
         Potion            |       |     1 |     7 |     9 |     7 |    22 ||    46
   Stab: Invisible         |       |       |     3 |       |     5 |       ||     8
         Paralysed         |       |       |     1 |    14 |       |    17 ||    32
         Confused          |       |       |       |     1 |       |       ||     1
         Petrified         |       |       |       |       |     2 |       ||     2
 Armour: Robe              |    20 |    47 |   191 |    54 |       |       ||   312
         Ice dragon scales |       |       |       |   483 |   943 |       ||  1426
         Storm dragon scal |       |       |       |       |    87 |   891 ||   978
         Swamp dragon scal |       |       |       |       |       |   322 ||   322
         Skin              |       |       |       |       |       |    13 ||    13
  Dodge: Dodged            |    21 |    50 |   215 |   485 |   948 |  1102 ||  2821
  Block: Kite shield       |    31 |    51 |   248 |   697 |  1060 |  1155 ||  3242

Table legend: (Time is in decaauts)
 A = Elapsed time spent in this place.
 B = Non-inter-level travel time spent in this place.
 C = Inter-level travel time spent in this place.
 D = Time resting spent in this place.
 E = Time spent auto-exploring this place.
 F = Levels seen in this place.
 G = Mean time per level.
                   A        B        C        D        E       F      G
               +--------+--------+--------+--------+--------+-----+--------+
         Total |  36486 |  33209 |   3277 |   2890 |  17791 |  34 | 1073.1 |
       Dungeon |  14909 |  13133 |   1776 |    577 |   8120 |  15 |  993.9 |
          Lair |   6347 |   5748 |    599 |    195 |   3381 |   5 | 1269.4 |
         Swamp |   4105 |   3833 |    272 |    429 |   1703 |   4 | 1026.2 |
     Snake Pit |   6939 |   6467 |    472 |   1115 |   3094 |   4 | 1734.8 |
  Orcish Mines |   2846 |   2690 |    156 |    367 |   1157 |   2 | 1423.0 |
        Vaults |    224 |    224 |      0 |      0 |    157 |   1 |  224.0 |
         Sewer |    135 |    135 |      0 |      0 |     94 |   1 |  135.0 |
        Bailey |    530 |    530 |      0 |     45 |     20 |   1 |  530.0 |
      Ice Cave |    447 |    447 |      0 |    160 |     65 |   1 |  447.0 |
               +--------+--------+--------+--------+--------+-----+--------+

Top non-repeatable levels by time:
 Snake:4: 2718 daAuts
   Orc:2: 1991 daAuts
 Snake:3: 1496 daAuts
     D:8: 1475 daAuts
  Lair:5: 1447 daAuts
 Swamp:4: 1426 daAuts
 Snake:2: 1400 daAuts
  Lair:4: 1382 daAuts
 Snake:1: 1322 daAuts
  Lair:3: 1306 daAuts
  Lair:2: 1287 daAuts
    D:15: 1199 daAuts
    D:12: 1131 daAuts
    D:13: 1109 daAuts
     D:9: 1088 daAuts
